 Dungeon Crawl Stone Soup version 0.30-a0-737-gf23d94013f (webtiles) character file.

Game seed: 179182103301121042

457 demibob the Cleaver (level 7, -5/57 HPs)
             Began as a Hill Orc Fighter on Feb 2, 2023.
             Was a Follower of Ru.
             Slain by an ogre
             ... wielding a +0 giant club
              (20 damage)
             ... on level 5 of the Dungeon.
             The game lasted 00:05:22 (3985 turns).

demibob the Cleaver (Hill Orc Fighter)              Turns: 3985, Time: 00:05:23

Health: -5/57      AC:  7    Str: 27    XL:     7   Next: 6%
Magic:  0/7        EV: 10    Int:  8    God:    Ru [*.....]
Gold:   222        SH:  0    Dex: 10    Spells: 6/6 levels left

rFire   . . .      SeeInvis .    a - +0 war axe (vamp)
rCold   + . .      Faith    .    (no shield)
rNeg    . . .      Spirit   +    b - +1 scale mail
rPois   .          Reflect  .    (no helmet)
rElec   .          Harm     .    n - scarf {+Inv}
rCorr   .          Rampage  .    (no gloves)
Will    .....                    (no boots) Stlth
                                 f - amulet of guardian spirit
HPRegen 0.29/turn                C - ring of protection from cold
MPRegen 0.10/turn                S - +6 ring of strength

@: lethally poisoned (-5 -> -10)
A: inability to train dodging
a: Renounce Religion, Convert to Beogh, Evoke Invisibility


You were on level 5 of the Dungeon.
You worshipped Ru.
Ru was aware of your devotion.
You visited 1 branch of the dungeon, and saw 5 of its levels.

You collected 222 gold pieces.


Innate Abilities, Weirdness & Mutations

You cannot train Dodging skill.


   Skills:
 - Level 3.6 Fighting
 + Level 9.7 Axes
 - Level 3.2 Armour
 - Level 3.2 Shields


You had 6 spell levels left.
You didn't know any spells.
Your spell library contained the following spells:

 Spells                   Type           Power      Damage    Failure   Level
 Slow                     Hex            0%         N/A       67%         1
 Cigotuvi's Dreadful Rot  Necr/Pois/Air  0%         N/A       82%         2
 Call Canine Familiar     Summ           0%         N/A       96%         3
 Confusing Touch          Hex            0%         N/A       96%         3
 Portal Projectile        Hex/Tloc       0%         N/A       96%         3
 Vampiric Draining        Necr           0%         2d6       96%         3
 Dispel Undead            Necr           0%         3d6       100%        4
 Leda's Liquefaction      Hex/Erth       0%         N/A       100%        4
 Death Channel            Necr           0%         N/A       100%        6
 Chain Lightning          Conj/Air       0%         N/A       100%        9
 Fire Storm               Conj/Fire      0%         5d1       100%        9
 Shatter                  Erth           0%         3d5*      100%        9

Inventory:

Hand Weapons
 a - a +0 vampiric war axe (weapon)
Missiles
 v - 6 atropa-tipped darts (quivered)
Armour
 b - a +1 scale mail (worn)
 n - a scarf of invisibility (worn)
Jewellery
 f - an amulet of guardian spirit (around neck)
 C - a ring of protection from cold (left hand)
 F - a ring of fire
 I - a +6 ring of intelligence
 N - a ring of positive energy
 R - a ring of resist corrosion
 S - a +6 ring of strength (right hand)
Wands
 k - a wand of iceblast (2)
 p - a wand of flame (5)
Scrolls
 e - 4 scrolls of teleportation {@r2}
 g - a scroll of blinking {unknown}
 h - 2 scrolls of fog
 i - 2 scrolls of enchant armour
 o - 2 scrolls of identify {@r1}
 r - a scroll of magic mapping
 u - a scroll of torment {unknown}
 w - a scroll of fear
 x - a scroll of enchant weapon {unknown}
Potions
 c - a potion of cancellation
 d - 2 potions of might
 j - a potion of invisibility
 l - a potion of curing {@q1}
 m - a potion of brilliance {unknown}
 q - a potion of ambrosia
 s - a potion of lignification {unknown}
 t - a potion of magic {unknown}
 z - a potion of heal wounds {unknown}

Dungeon Overview and Level Annotations

Branches:
Dungeon (5/15)             Temple (0/1) D:4

Altars:
Makhleb
Ru
Vehumet

Shops:
D:2

*
..........#.......#.†.......#
..........#.......#.........#
..........#.......#.........#
..........#.......#.........#
..........#.......#.......(.#
..........#.......#.........#
..........#.......#.........#
###...## #.......###########
# #### ###+##@## . #oOoo...#
( #.o.....# . #.......#
#.?.....+ #.......# ##...##.#
#...# .#


You could see an ogre, an orc priest and 3 orcs.


Message History

An orc priest comes into view. It is wielding a +0 mace of venom.
The orc moves out of view.
You hear a shout!
Found a scroll of identify.
There are monsters nearby! 2 orcs come into view.
The orc shouts!
The orc priest shouts, "Join the one true god or die!"
The orc priest calls down the wrath of Beogh upon you.
Beogh smites you!
There is an open door here.
You slash the ogre!
You feel better.
The ogre is moderately wounded.
The ogre hits you with a +0 giant club.
You barely miss the ogre.
The ogre is moderately wounded.
You barely miss the ogre.
The ogre is moderately wounded.
You barely miss the orc. You hit the orc priest.
The orc priest threatens, "By the altar or by the axe, you will meet Beogh!"
The ogre hits you with a +0 giant club!!
Ouch! That really hurt!
* * * LOW HITPOINT WARNING * * *
The orc priest hits you but does no damage.
You are poisoned.
The orc hits you but does no damage.
Unknown command.
The ogre attacks as you move away!
The ogre hits you with a +0 giant club!!
You die...

Skill      XL: |  1  2  3  4  5  6 |
---------------+-------------------+-----
Axes           | 3 4 5 7 8 9 |  9.7
Fighting       | |  3.6
Armour         | |  3.2
Shields        | |  3.2

Action                     |  1- 3 |  4- 6 |  7- 9 || total
---------------------------+-------+-------+-------++-------
  Melee: War axe           |    87 |   167 |     8 ||   262
         Punch             |       |     2 |       ||     2
 Invoke: Sacrifice Nimblen |       |     1 |       ||     1
    Use: Scroll            |     6 |     8 |       ||    14
         Potion            |       |     2 |       ||     2
 Armour: Scale mail        |    43 |    68 |     4 ||   115
  Dodge: Dodged            |    36 |    94 |       ||   130

Levels and vault maps discovered:
D:1:      saegor_arrival_simple_d, layout_loops_ring, minmay_ruptured
D:2:      layout_loops_corners, serial_shops, shop_fountains,
          basic_ecumenical_altar, minmay_misc_feat_iff, grunt_decor_mini_mirrors
D:3:      minmay_recursive_quarters, layout_basic,
          mainiacjoe_overflow_large_starburst, minmay_vboxes, uniq_ijyb
D:4:      layout_basic, lemuel_doored_altar, temple_statues,
          minmay_misc_feat_five, sigmund_army
D:5:      layout_gridville

Notes
Turn   | Place    | Note
-------+----------+-------------------------------------------
     0 | D:1      | demibob the Hill Orc Fighter began the quest for the Orb.
     0 | D:1      | Reached XP level 1. HP: 19/19 MP: 1/1
    60 | D:1      | Reached skill level 3 in Axes
   106 | D:1      | Reached XP level 2. HP: 25/26 MP: 2/2
   193 | D:1      | Reached skill level 4 in Axes
   354 | D:1      | Reached XP level 3. HP: 27/31 MP: 3/3
   938 | D:2      | Reached skill level 5 in Axes
  1164 | D:2      | Reached XP level 4. HP: 33/39 MP: 4/4
  1396 | D:2      | Found Balidu's General Store.
  1512 | D:2      | Found a faded altar of an unknown god.
  1785 | D:3      | Found a sacrificial altar of Ru.
  1797 | D:3      | Noticed Ijyb
  1812 | D:3      | Reached skill level 6 in Axes
  1814 | D:3      | Killed Ijyb
  1870 | D:3      | Became a worshipper of Ru the Awakened
  1887 | D:3      | Found a radiant altar of Vehumet.
  2014 | D:3      | Reached skill level 7 in Axes
  2014 | D:3      | Reached XP level 5. HP: 17/45 MP: 5/5
  3096 | D:4      | Reached skill level 8 in Axes
  3096 | D:4      | Reached XP level 6. HP: 45/51 MP: 6/6
  3190 | D:4      | Found a burning altar of Makhleb.
  3354 | D:4      | Gained mutation: You cannot train Dodging skill. [Ru
                  | sacrifice]
  3354 | D:4      | Reached * piety under Ru
  3568 | D:4      | Found a staircase to the Ecumenical Temple.
  3606 | D:4      | Reached skill level 9 in Axes
  3815 | D:5      | Entered Level 5 of the Dungeon
  3886 | D:5      | Reached XP level 7. HP: 57/57 MP: 5/7
  3985 | D:5      | Slain by an ogre

Vanquished Creatures
  A phantom (D:4)
  2 necrophages
  An orc priest (D:3)
  Ijyb (D:3)
  An iguana (D:5)
  An orc wizard (D:5)
  5 adders
  2 worms
  2 dart slugs
  12 orcs
  4 bats
  6 endoplasms
  2 giant cockroaches
  14 goblins
  14 hobgoblins
  5 jackals
  11 kobolds
  A quokka (D:3)
  8 ball pythons
  3 frilled lizards (D:3)
  5 rats
101 creatures vanquished.

Vanquished Creatures (others)
  A ball python (D:3)
1 creature vanquished.

Grand Total: 102 creatures vanquished

Table legend: (Time is in decaauts)
 A = Elapsed time spent in this place.
 B = Non-inter-level travel time spent in this place.
 C = Inter-level travel time spent in this place.
 D = Time resting spent in this place.
 E = Time spent auto-exploring this place.
 F = Levels seen in this place.
 G = Mean time per level.
                   A        B        C        D        E       F      G
               +--------+--------+--------+--------+--------+-----+--------+
         Total |   4029 |   3852 |    177 |    216 |   2950 |   5 |  805.8 |
       Dungeon |   4029 |   3852 |    177 |    216 |   2950 |   5 |  805.8 |
               +--------+--------+--------+--------+--------+-----+--------+

Top non-repeatable levels by time:
     D:3: 1309 daAuts
     D:2: 925 daAuts
     D:1: 851 daAuts
     D:4: 772 daAuts
     D:5: 170 daAuts

Table legend:
 A = Non-vault XP
 B = Vault XP
 C = Vault XP percentage of total XP
 D = Non-vault monster count
 E = Vault monster count
 F = Vault count percentage of total count
                 A         B        C        D         E       F
            +---------+---------+-------+---------+---------+-------
      Total |     568 |      85 |  13.0 |      78 |      23 |  22.8
            +---------+---------+-------+---------+---------+-------
        D:1 |      41 |       8 |  16.3 |      22 |       4 |  15.4
        D:2 |      54 |       0 |   0.0 |      10 |       0 |   0.0
        D:3 |      96 |      71 |  42.5 |      22 |      16 |  42.1
        D:4 |     218 |       6 |   2.7 |      18 |       3 |  14.3
        D:5 |     159 |       0 |   0.0 |       6 |       0 |   0.0
            +---------+---------+-------+---------+---------+-------
